 Dungeon Crawl Stone Soup version 0.27-a0-1312-g5cdb2b3542 (webtiles) character file.

Game seed: 15604903301773459461

459 BlueGoblin the Magician (level 7, 0/45 HPs)
             Began as a Djinni Fire Elementalist on June 20, 2021.
             Was a Believer of Uskayaw.
             Slain by a scorpion (2 damage)
             ... on level 5 of the Dungeon.
             The game lasted 00:14:37 (7249 turns).

BlueGoblin the Magician (Djinni Fire Elementalist)  Turns: 7249, Time: 00:14:37

Health: 0/45       AC:  2    Str:  7    XL:     7   Next: 28%
Gold:   1087       EV: 12    Int: 18    God:    Uskayaw [**....] SH:  0 Dex: 14

rFire    + + +     SeeInvis .   q - staff of fire
rCold    . . .     Faith    .   (no shield)
rNeg     . . .     Spirit   .   a - +0 robe
rPois    ∞         Reflect  .   (no helmet)
rElec    .         Harm     .   (no cloak)
rCorr    +         Rampage  .   (no gloves)
Will     .....                  (boots unavailable)
Stlth    ++........             (no amulet)
HPRegen  0.15/turn              b - ring of resist corrosion
MPRegen  0.00/turn              f - ring of protection from cold

@: flying
A: sickness immunity, fire resistance 2, cold vulnerability 1, float, innate
caster, hp casting, extra vitality 1
a: Renounce Religion, Stomp, Line Pass


You were on level 5 of the Dungeon.
You worshipped Uskayaw.
Uskayaw was noncommittal.
You visited 2 branches of the dungeon, and saw 6 of its levels.

You collected 1087 gold pieces.

Inventory:

Hand Weapons
 h - a +4 short sword
 k - a +0 dagger of speed
Armour
 a - a +0 robe (worn)
 m - a +0 chain mail
 n - a +1 tower shield
 r - a +0 leather armour
Magical Staves
 d - a staff of cold
 q - a staff of fire (weapon)
Jewellery
 b - a ring of resist corrosion (left hand)
 f - a ring of protection from cold (right hand)
 g - a +6 ring of dexterity
 j - a +6 ring of intelligence
 l - a +6 ring of strength
Scrolls
 i - a scroll of identify
Potions
 c - a potion of invisibility {unknown}
 e - a potion of heal wounds
 o - a potion of ambrosia {unknown}


   Skills:
 + Level 0.2 Fighting
 + Level 0.3 Short Blades
 + Level 2.7 Dodging
 + Level 2.3 Stealth
 * Level 5.6 Spellcasting


You couldn't memorise any spells.
You knew the following spells:

 Your Spells              Type           Power      Damage    Failure   Level
a - Foxfire               Conj/Fire      100%       2x1d9     1%          1
b - Conjure Flame         Conj/Fire      37%        6-21      3%          3
c - Inner Flame           Hex/Fire       37%        N/A       3%          3
d - Sticky Flame          Conj/Fire      37%        2d6       12%         4
e - Fireball              Conj/Fire      18%        3d9       34%         5
f - Pain                  Necr           100%       1d9       1%          1
g - Blink                 Tloc           N/A        N/A       1%          2
h - Swiftness             Air            25%        N/A       3%          3
Your spell library was empty.

Dungeon Overview and Level Annotations

Branches:
Dungeon (5/15)             Temple (1/1) D:5

Altars:
Cheibriados
Dithmenos
Elyvilon
Fedhas
Hepliaklqana
Kikubaaqudgha
Nemelex Xobeh
Okawaru
Qazlal
Sif Muna
Uskayaw
Vehumet
Wu Jian
Xom
Yredelemnul

Shops:
D:2 =


Innate Abilities, Weirdness & Mutations

You are immune to sickness and miasma.
You are immune to poison.
Your flesh is very heat resistant. (rF++)
You are vulnerable to cold. (rC-)
You float through the air rather than walking.
You learn spells naturally, not from books.
Your magical power is your life essence.
You have superior vitality. (+4 HP)


Message History

Casting: Foxfire (safe; 1% risk of failure)
Confirm with . or Enter, or press ? or * to list all spells.
You feel a surge of power!
You conjure some foxfire!
The howler monkey hits you.
The foxfire hits the howler monkey.
The howler monkey is almost dead.
The foxfire hits the howler monkey.
You kill the howler monkey!
You start resting.
A scorpion comes into view.
Casting: Foxfire (safe; 1% risk of failure)
Confirm with . or Enter, or press ? or * to list all spells.
You feel a surge of power!
You conjure some foxfire!
The foxfire hits the scorpion.
The scorpion is moderately wounded.
The foxfire hits the scorpion.
The scorpion is heavily wounded.
The scorpion barely misses you.
Casting: Foxfire (safe; 1% risk of failure)
Confirm with . or Enter, or press ? or * to list all spells.
You feel a surge of power!
You conjure some foxfire!
The scorpion closely misses you.
The foxfire hits the scorpion but does no damage.
The scorpion is heavily wounded.
The foxfire hits the scorpion but does no damage.
The scorpion is heavily wounded.
The scorpion stings you. x2
* * * LOW HITPOINT WARNING * * *
Casting: Foxfire (safe; 1% risk of failure)
Confirm with . or Enter, or press ? or * to list all spells.
You feel a surge of power!
You conjure some foxfire!
* * * LOW HITPOINT WARNING * * *
The scorpion stings you!
* * * LOW HITPOINT WARNING * * *
The foxfire hits the scorpion.
The scorpion is severely wounded.
The foxfire hits the scorpion.
The scorpion is almost dead.
The scorpion stings you.
You die...

#.. ... .. ..# # #
#.# #.# .#. #.# #.#
#.# #.# #.# #.#
###.#######.######.#
<<..#............#.#
##..#.#####....§@s.#
8#....# ######†#.#
8##.### #.#.# 8##.#
#.#.# ###.# #.#.#
##..# #.#.# ...##
..... ##.# #.#.# #.#
#....


You could see a scorpion.

Vanquished Creatures
  An ice beast (D:4)
  2 howler monkeys (D:5)
  A hound (D:5)
  Terence (D:3)
  An iguana (D:5)
  3 orc wizards
  5 adders
  A white imp (D:5)
  2 worms
  A dart slug (D:4)
  13 orcs
  6 ball pythons
  2 bats
  7 endoplasms
  A giant cockroach (D:3)
  5 goblins
  8 hobgoblins
  3 jackals (D:3)
  A quokka (D:4)
  A frilled lizard (D:2)
  5 kobolds
  4 rats
74 creatures vanquished.

Vanquished Creatures (others)
  297 foxfires
297 creatures vanquished.

Grand Total: 371 creatures vanquished

Notes
Turn   | Place    | Note
-------+----------+-------------------------------------------
     0 | D:1      | BlueGoblin the Djinni Fire Elementalist began the quest for
                  | the Orb.
     0 | D:1      | Reached XP level 1. HP: 15/15 MP: 0/0
   678 | D:1      | Reached XP level 2. HP: 19/21 MP: 0/0
  1053 | D:2      | Reached skill level 3 in Spellcasting
  1139 | D:2      | Reached XP level 3. HP: 21/25 MP: 0/0
  1139 | D:2      | Learned a level 1 spell: Pain
  1725 | D:2      | Reached XP level 4. HP: 26/31 MP: 0/0
  1797 | D:2      | Found Cusi Mie's Jewellery Emporium.
  1810 | D:2      | Found a shimmering altar of Xom.
  2353 | D:3      | Noticed Terence
  2361 | D:3      | Killed Terence
  2838 | D:3      | Found a faded altar of an unknown god.
  3197 | D:3      | Reached XP level 5. HP: 33/35 MP: 0/0
  3197 | D:3      | Learned a level 2 spell: Blink
  3312 | D:3      | Found a large runed translucent door.
  3317 | D:3      | Found a large runed translucent door.
  3339 | D:3      | Reached skill level 4 in Spellcasting
  5704 | D:3      | Reached XP level 6. HP: 23/40 MP: 0/0
  5860 | D:3      | Found a blossoming altar of Fedhas.
  6286 | D:4      | Found a snail-covered altar of Cheibriados.
  6289 | D:4      | Found a basalt altar of Yredelemnul.
  6540 | D:4      | Identified a scroll of acquirement
  6540 | D:4      | Acquired 888 gold pieces
  6562 | D:4      | Noticed an ice beast
  6575 | D:4      | Killed an ice beast
  6576 | D:4      | Reached skill level 5 in Spellcasting
  6816 | D:5      | Entered Level 5 of the Dungeon
  6816 | D:5      | Found a staircase to the Ecumenical Temple.
  6838 | Temple   | Entered the Ecumenical Temple
  7105 | Temple   | Became a worshipper of Uskayaw the Reveller
  7158 | D:5      | Reached * piety under Uskayaw
  7221 | D:5      | Reached ** piety under Uskayaw
  7222 | D:5      | Reached XP level 7. HP: 34/45 MP: 0/0
  7222 | D:5      | Learned a level 3 spell: Swiftness
  7225 | D:5      | Reached *** piety under Uskayaw
  7231 | D:5      | Reached **** piety under Uskayaw
  7248 | D:5      | HP: 2/45 [scorpion (9)]
  7249 | D:5      | Slain by a scorpion

Illustrated notes

Levels and vault maps discovered:
D:1:      evilmike_arrival_fibonacci_small, layout_basic
D:2:      layout_loops_ring, serial_shops, nicolae_shop_stone, basic_altar
D:3:      layout_loops_corners, jmf_multi_god_temple2,
          hellmonk_ecumenical_altar_lost_god, uniq_terence
D:4:      layout_rooms, grunt_temple_overflow_diamond,
          kennysheep_generic_room_15
D:5:      layout_loops_ring, nicolae_tso_besieged_by_evil, lemuel_round_altar,
          minmay_temple_entry_statues
Temple:   compressed_dpeg_circular_temple

Skill      XL: |  1  2  3  4  5  6 |
---------------+-------------------+-----
Spellcasting   | 3 4 5 |  5.6
Stealth        | 2 |  2.3
Fighting       | |  0.2
Short Blades   | |  0.3
Dodging        | |  2.7

Action                   |  1- 3 |  4- 6 |  7- 9 || total
-------------------------+-------+-------+-------++-------
Melee: Dagger            |     3 |    10 |       ||    13
       Staff             |       |     7 |       ||     7
 Cast: Foxfire           |    51 |   129 |     8 ||   188
       Pain              |       |     6 |       ||     6
       Conjure Flame     |       |     7 |       ||     7
       Blink             |       |     4 |       ||     4
       Inner Flame       |       |     1 |       ||     1
  Use: Scroll            |       |     6 |       ||     6
Armor: Robe              |       |     7 |       ||     7
Dodge: Dodged            |     4 |    27 |     9 ||    40

Table legend: (Time is in decaauts)
 A = Elapsed time spent in this place.
 B = Non-inter-level travel time spent in this place.
 C = Inter-level travel time spent in this place.
 D = Time resting spent in this place.
 E = Time spent auto-exploring this place.
 F = Levels seen in this place.
 G = Mean time per level.
                   A        B        C        D        E       F      G
               +--------+--------+--------+--------+--------+-----+--------+
         Total |   7243 |   7168 |     75 |   2257 |   3940 |   6 | 1207.2 |
       Dungeon |   6954 |   6889 |     65 |   2257 |   3783 |   5 | 1390.8 |
        Temple |    288 |    278 |     10 |      0 |    157 |   1 |  288.0 |
               +--------+--------+--------+--------+--------+-----+--------+

Top non-repeatable levels by time:
     D:3: 3617 daAuts
     D:2: 1308 daAuts
     D:1: 991 daAuts
     D:4: 893 daAuts
  Temple: 288 daAuts
     D:5: 144 daAuts
